 Dungeon Crawl Stone Soup version 0.30-a0-458-g86641cc369 (webtiles) character file.

Game seed: 15305018832643261841

130 p00ps00p the Trooper (level 5, -1/47 HPs)
             Began as a Hill Orc Fighter on Dec 15, 2022.
             Slain by an orc wizard
             ... wielding a +0 dagger
              (3 damage)
             ... on level 3 of the Dungeon.
             The game lasted 00:02:25 (2436 turns).

p00ps00p the Trooper (Hill Orc Fighter)             Turns: 2436, Time: 00:02:25

Health: -1/47      AC: 10    Str: 21    XL:     5   Next: 13%
Magic:  5/5        EV:  7    Int:  8    God:
Gold:   167        SH:  4    Dex: 10    Spells: 4/4 levels left

rFire   . . .      SeeInvis .    a - +0 war axe
rCold   . . .      Faith    .    c - +0 buckler
rNeg    . . .      Spirit   .    f - +1 chain mail
rPois   .          Reflect  .    (no helmet)
rElec   .          Harm     .    (no cloak)
rCorr   .          Rampage  .    (no gloves)
Will    .....                    (no boots)
Stlth   ..........               (no amulet)
HPRegen 0.27/turn                (no ring)
MPRegen 0.09/turn                (no ring)

@: no status effects
A: no striking features
a: no special abilities


You were on level 3 of the Dungeon.
You visited 1 branch of the dungeon, and saw 3 of its levels.

You collected 167 gold pieces.

Inventory:

Hand Weapons
 a - a +0 war axe (weapon)
 e - a +0 hand axe of flaming
Armour
 b - a +0 scale mail
 c - a +0 buckler (worn)
 f - a +1 chain mail (worn)
Jewellery
 q - an amulet of the acrobat
Scrolls
 j - a scroll of immolation {unknown}
 p - a scroll of teleportation
Potions
 d - a potion of might
 g - a potion of degeneration
 h - a potion of invisibility {unknown}
 i - a potion of cancellation {unknown}
 k - 2 potions of heal wounds {unknown}
 l - 3 potions of curing {unknown}
 m - 2 potions of mutation {unknown}
 n - a potion of haste {unknown}
 o - a potion of ambrosia {unknown}


   Skills:
 + Level 4.6 Fighting
 + Level 4.0 Axes
 + Level 4.2 Armour
 + Level 4.1 Shields


You had 4 spell levels left.
You didn't know any spells.
Your spell library was empty.

Dungeon Overview and Level Annotations

Branches:
Dungeon (3/15)

Altars:

Shops:
D:1 =


Message History

The orc priest hits you but does no damage. x2
You hit the orc priest but do no damage.
The orc priest is lightly wounded.
The orc priest hits you but does no damage.
You closely miss the orc priest.
The orc priest is lightly wounded.
The orc priest miscasts a cantrip.
You block the orc priest's attack.
You closely miss the orc priest.
The orc priest is lightly wounded.
The orc priest hits you but does no damage.
You barely miss the orc priest.
The orc priest is lightly wounded.
The orc priest barely misses you.
You hit the orc priest.
The orc priest is moderately wounded.
The orc priest barely misses you. The orc priest completely misses you.
You barely miss the orc priest.
The orc priest is moderately wounded.
You block the orc priest's attack.
You slash the orc priest!
You kill the orc priest!
You hear some strange, mumbled words.
Something tries to affect you, but you resist.
Your Axes skill increases to level 4!
You have reached level 5!
You feel stronger.
You closely miss something. Something hits you but does no damage.
You hit something but do no damage. Something hits you but does no damage.
You barely miss something. Something hits you.
* * * LOW HITPOINT WARNING * * *
Something hits you but does no damage.
You closely miss something. Something hits you but does no damage.
You miss something. Something hits you but does no damage. Something hits you.
* * * LOW HITPOINT WARNING * * *
You closely miss something. Something hits you.
* * * LOW HITPOINT WARNING * * *
You hit something. Something hits you but does no damage.
You miss something. Something hits you but does no damage. Something hits you.
You die...

##...## #...### #.# #.....##
##...# #.#### .......## ##.##.#
##.##.## #
........####...#.######......####
........'.................†.....'
........####...#.####........####
.......## #.................# #
#.....## #.###.###.........#
##...## #.# #@# #.#<....#.# ##'#
#.# #{# #.##...##.# #. #.# #.#
#.#######.# # #.# #.# #.# #.# ##
#.# #.# #>###. #.# #.# #.#... ...
..# #.#.#. ..# ### #.#.#. #.#.#.


There were no monsters in sight!

Vanquished Creatures
  An orc priest (D:3)
  4 adders
  A shadow imp (D:3)
  A worm (D:2)
  2 orcs (D:3)
  2 endoplasms (D:1)
  3 giant cockroaches
  2 goblins
  5 hobgoblins
  4 jackals (D:3)
  A quokka (D:2)
  8 ball pythons
  10 bats
  4 kobolds
  4 rats
52 creatures vanquished.

Vanquished Creatures (others)
  2 fungi (D:1)
  2 plants (D:1)
4 creatures vanquished.

Grand Total: 56 creatures vanquished

Notes
Turn   | Place    | Note
-------+----------+-------------------------------------------
     0 | D:1      | p00ps00p the Hill Orc Fighter began the quest for the Orb.
     0 | D:1      | Reached XP level 1. HP: 19/19 MP: 1/1
   215 | D:1      | Found Hebb's Jewellery Boutique.
   240 | D:1      | Reached XP level 2. HP: 27/27 MP: 2/2
   308 | D:1      | Found a faded altar of an unknown god.
  1035 | D:2      | Reached XP level 3. HP: 33/33 MP: 3/3
  1829 | D:3      | Reached XP level 4. HP: 40/40 MP: 4/4
  2420 | D:3      | HP: 1/41 [orc priest/divine providence (11)]
  2429 | D:3      | Reached XP level 5. HP: 5/47 MP: 5/5
  2434 | D:3      | HP: 1/47 [something (4)]
  2436 | D:3      | Slain by an orc wizard

Illustrated notes

Levels and vault maps discovered:
D:1:      tarquinn_simple_flora_water_a, layout_loops_ring,
          shapermc_ecumenical_altar_gd, serial_shops, nicolae_lakefront_shop
D:2:      layout_loops_corners
D:3:      layout_loops_corners, supply_closet_lemuel, grunt_ministairs_12,
          minmay_misc_feat_roman, uniq_crazy_yiuf_cottage

Skill      XL: |  1  2  3  4 |
---------------+-------------+-----
Axes           | 3 4 |  4.0
Fighting       | 4 |  4.6
Armour         | 4 |  4.2
Shields        | 4 |  4.1

Action                   |  1- 3 |  4- 6 || total
-------------------------+-------+-------++-------
Melee: War axe           |    88 |    57 ||   145
  Use: Scroll            |     7 |       ||     7
Armor: Chain mail        |    60 |    39 ||    99
Dodge: Dodged            |    24 |    10 ||    34
Block: Buckler           |    27 |    13 ||    40

Table legend: (Time is in decaauts)
 A = Elapsed time spent in this place.
 B = Non-inter-level travel time spent in this place.
 C = Inter-level travel time spent in this place.
 D = Time resting spent in this place.
 E = Time spent auto-exploring this place.
 F = Levels seen in this place.
 G = Mean time per level.
                   A        B        C        D        E       F      G
               +--------+--------+--------+--------+--------+-----+--------+
         Total |   2488 |   2446 |     42 |    300 |   1755 |   3 |  829.3 |
       Dungeon |   2488 |   2446 |     42 |    300 |   1755 |   3 |  829.3 |
               +--------+--------+--------+--------+--------+-----+--------+

Top non-repeatable levels by time:
     D:1: 937 daAuts
     D:2: 812 daAuts
     D:3: 739 daAuts
